cohdb
Replays
Latest Replays
All Replays
Popular Replays
Top Player Replays
Match Explorer
How It Works
Community
CoH3 Stats
Reddit
Sign in to upload your games and track your stats! →
Sign in with Steam
Match 42595039
Unlisted
Match 42595039
Overview
Messages
Build Orders
End
Royal Engineer Section
Construct Section Command Post
Selects Canadian Shock Battlegroup
Infantry Section
Royal Engineer Section
Infantry Section
Construct Platoon Command Post
Humber Armored Car
Selects Attacking Spirit
Selects Canadian Shock Section
Selects Incendiary Munitions
Construct Field Infirmary
Canadian Shock Section
Infantry Training
Selects Pyrotechnics
6-pounder Anti-tank Gun Team
FistyMcBeef
Nubbl0r
0
0
Comments
sign in to comment!
No comments posted yet!